[Event "FIDE WCCC Girls-10 2024"]
[Site "Montesilvano"]
[Date "2024.11.18"]
[Round "2.23"]
[White "Tselmuun, Ider"]
[Black "Pham, Nhu Y"]
[Result "1-0"]
[ECO "E08"]
[WhiteElo "1846"]
[BlackElo "1914"]
[PlyCount "111"]
[EventDate "2024.11.18"]
[EventType "swiss"]
[EventCountry "ITA"]
[TimeControl "5400+30"]

1. d4 Nf6 2. c4 e6 3. g3 d5 4. Bg2 Be7 5. Nf3 O-O 6. O-O b6 7. cxd5 exd5 8. Bf4 Bb7 9. Ne5 Nbd7 10. Qc2 c5 11. dxc5 bxc5 12. Nxd7 Qxd7 13. Qb3 Rfd8 14. Rd1 Bc6 15. Qc2 d4 16. e4 Qe6 17. f3 Rac8 18. g4 c4 19. Bg3 Bc5 20. Bf2 d3 21. Qd2 Bxf2+ 22. Qxf2 Ba4 23. Rd2 Qb6 24. Nc3 Bc2 25. Qxb6 axb6 26. g5 Nd7 27. Nd5 Kf8 28. Bh3 Rb8 29. Bxd7 Rxd7 30. Ne3 Ba4 31. Nxc4 Bb5 32. Ne3 Bc6 33. Rc1 Rd6 34. h4 g6 35. Nc4 Rdd8 36. Ne5 Be8 37. Rxd3 Rxd3 38. Nxd3 Rd8 39. Rc3 Bb5 40. Nf2 Rd6 41. Rc8+ Ke7 42. Rc2 Bd7 43. Kg2 f6 44. gxf6+ Rxf6 45. Kg3 h5 46. Nd3 Rc6 47. Rxc6 Bxc6 48. Nb4 Be8 49. Nd5+ Kd6 50. Nxb6 Kc5 51. Nd5 Bf7 52. a4 Be8 53. b4+ Kd6 54. a5 Bb5 55. Nc3 Bc4 56. b5 {[%emt 0:13:35] Kd5} 1-0

[Event "FIDE WCCC Girls-10 2024"]
[Site "Montesilvano"]
[Date "2024.11.18"]
[Round "2.24"]
[White "Aragonda, Sahasra"]
[Black "Bjerregaard Hagen, Frida"]
[Result "0-1"]
[ECO "C04"]
[WhiteElo "1526"]
[BlackElo "1815"]
[PlyCount "121"]
[EventDate "2024.11.18"]
[EventType "swiss"]
[EventCountry "ITA"]
[TimeControl "5400+30"]

1. e4 e6 2. d4 d5 3. Nd2 Nc6 4. c3 e5 5. Bb5 exd4 6. cxd4 dxe4 7. Nxe4 Bb4+ 8. Nc3 Bd7 9. Nf3 Nf6 10. O-O O-O 11. Bg5 h6 12. Bh4 a6 13. Bd3 Bg4 14. Be2 Qd6 15. Bg3 Qd8 16. d5 Ne7 17. Qd4 Bd6 18. Bxd6 Qxd6 19. Rad1 Rad8 20. Ne4 Nxe4 21. Qxe4 Bf5 22. Qh4 Ng6 23. Qd4 Rd7 24. Rd2 Qf4 25. Qxf4 Nxf4 26. Bc4 Rfd8 27. Rfd1 Be4 28. Ne5 Re7 29. Ng4 Bxg2 30. Rd4 Bf3 31. Rc1 Bxg4 32. Rxf4 Bh5 33. Rh4 Bg6 34. Rf1 Rde8 35. Rg4 Re1 36. Rd4 Rxf1+ 37. Kxf1 Re4 38. Rxe4 Bxe4 39. Ke2 Kf8 40. Ke3 Bg6 41. a3 Ke7 42. Kd4 Kd6 43. b4 f6 44. f4 Bf5 45. Ke3 g5 46. Kf3 h5 47. Bb3 h4 48. fxg5 fxg5 49. Bc4 Ke5 50. Bb3 g4+ 51. Kg2 Be4+ 52. Kf2 Bxd5 53. Bd1 Kf4 54. Be2 Bf3 55. Bd3 g3+ 56. hxg3+ hxg3+ 57. Kg1 Ke3 58. Bc4 Kd4 59. Be6 Kc3 60. Bc8 Kb3 61. Kf1 0-1

[Event "FIDE WCCC Girls-10 2024"]
[Site "Montesilvano"]
[Date "2024.11.18"]
[Round "2.25"]
[White "Billod-Laillet, Camille"]
[Black "Norkulova, Malika"]
[Result "0-1"]
[ECO "B23"]
[WhiteElo "1732"]
[BlackElo "1480"]
[PlyCount "136"]
[EventDate "2024.11.18"]
[EventType "swiss"]
[EventCountry "ITA"]
[TimeControl "5400+30"]

1. e4 c5 2. Nc3 a6 3. f4 b5 4. Nf3 Bb7 5. d3 e6 6. a4 b4 7. Ne2 d5 8. Ng3 Nf6 9. e5 Nfd7 10. d4 cxd4 11. Nxd4 Bc5 12. Be3 Qb6 13. a5 Qc7 14. Bd3 Nc6 15. Nxc6 Bxe3 16. Nxb4 Qc5 17. c3 Bxf4 18. Qg4 Qe3+ 19. Ne2 Bxe5 20. Qf3 Qxf3 21. gxf3 Bd6 22. Bc2 Bxb4 23. cxb4 Rc8 24. Bb3 Ne5 25. f4 Nd3+ 26. Kd2 Nxb4 27. Nd4 Ke7 28. Rhe1 Kd6 29. Re2 Nc6 30. Nf3 f6 31. Rae1 Rhe8 32. Bc2 g6 33. Rf1 Nxa5 34. h4 Rc4 35. h5 Rxf4 36. hxg6 hxg6 37. Bxg6 Nc4+ 38. Ke1 Re7 39. Bh5 d4 40. Ref2 Bxf3 41. Bxf3 Ne5 42. Be2 Rxf2 43. Rxf2 d3 44. Bd1 f5 45. Kd2 Rg7 46. Rf4 Rg2+ 47. Kc3 Ng4 48. Rd4+ Ke5 49. Rxd3 Nf2 50. Re3+ Ne4+ 51. Kb3 Rg3 52. Rxg3 Nxg3 53. Kc3 Ne4+ 54. Kc4 f4 55. Bf3 Nd2+ 56. Kd3 Nxf3 57. Ke2 Nd4+ 58. Kf2 Ke4 59. b4 f3 60. Ke1 Ke3 61. Kf1 f2 62. b5 axb5 63. Kg2 Ke2 64. Kg3 f1=Q 65. Kg4 Qf5+ 66. Kg3 Qg5+ 67. Kh2 Kf2 68. Kh3 Qg3# 0-1

[Event "FIDE WCCC Girls-10 2024"]
[Site "Montesilvano"]
[Date "2024.11.18"]
[Round "2.26"]
[White "Blakhina Viktoryia"]
[Black "Tran Hoang Bao An"]
[Result "0-1"]
[ECO "D00"]
[WhiteElo "1436"]
[BlackElo "1714"]
[PlyCount "118"]
[EventDate "2024.11.18"]
[EventType "swiss"]
[EventCountry "ITA"]
[TimeControl "5400+30"]

1. d4 d5 2. Bf4 Nf6 3. e3 c5 4. dxc5 e6 5. b4 b6 6. Bb5+ Bd7 7. Bxd7+ Qxd7 8. Nf3 bxc5 9. bxc5 Bxc5 10. O-O Nc6 11. Nc3 O-O 12. Rb1 Qe7 13. Ne5 Nxe5 14. Bxe5 Bd6 15. Qd4 Bxe5 16. Qxe5 Nd7 17. Qd4 Nb6 18. Rb3 Rfd8 19. Rd1 Rac8 20. h3 e5 21. Qd3 d4 22. exd4 Rxd4 23. Qe2 Rxd1+ 24. Qxd1 g6 25. Qe2 Qc7 26. Qe3 Nc4 27. Qg3 Nd2 28. Ra3 Qc5 29. Qg4 Rb8 30. Qa4 Rb7 31. Qa6 Rc7 32. Nb5 Rc6 33. Qxa7 Qxb5 34. Qa8+ Kg7 35. Kh2 Rd6 36. Ra5 Qc6 37. Qa7 Qb6 38. Qxb6 Rxb6 39. Rxe5 Rb2 40. a4 Rxc2 41. Re8 Nb3 42. Rb8 Nd4 43. Kg1 Ra2 44. Ra8 Ra3 45. Ra6 Nb3 46. Ra7 Nc5 47. a5 Nb3 48. a6 Nc5 49. Ra8 Rxa6 50. Rc8 Ne6 51. Rc4 Kf6 52. Kf1 Ke5 53. Ke2 f5 54. f4+ Nxf4+ 55. Kf3 Ra3+ 56. Kf2 Ra2+ 57. Kf3 Nxg2 58. Rc7 Ne1+ 59. Ke3 f4# {[%emt 0:24:34] Kd4+} 0-1

[Event "FIDE WCCC Girls-10 2024"]
[Site "Montesilvano"]
[Date "2024.11.18"]
[Round "2.27"]
[White "Sun, Yucan(Sd)"]
[Black "Mukhorina, Mariya Dm"]
[Result "0-1"]
[ECO "B22"]
[WhiteElo "1725"]
[BlackElo "1567"]
[PlyCount "78"]
[EventDate "2024.11.18"]
[EventType "swiss"]
[EventCountry "ITA"]
[TimeControl "5400+30"]

1. e4 c5 2. c3 d5 3. exd5 Qxd5 4. d4 Nf6 5. Nf3 e6 6. Na3 Qd8 7. Nc4 Nc6 8. Be3 cxd4 9. Nxd4 Nxd4 10. Bxd4 Be7 11. Bd3 O-O 12. O-O b6 13. Qf3 Rb8 14. Be5 Bb7 15. Qh3 h6 16. Bxb8 Qxb8 17. a4 Nd5 18. Be4 Bf6 19. Qf3 Ba6 20. Bd3 Bb7 21. Qe4 g6 22. Qe1 Nf4 23. Qe3 Bxg2 24. Rfe1 Bg5 25. Qg3 Qa8 26. f3 Nxd3 27. Qxg2 Nxe1 28. Rxe1 Qc6 29. b3 a6 30. Re4 b5 31. axb5 axb5 32. Ne5 Qxc3 33. h4 Qc1+ 34. Kh2 Bf4+ 35. Kh3 Bxe5 36. Rxe5 Qf4 37. Re4 Qf5+ 38. Kh2 Rd8 39. b4 Rd3 0-1

[Event "FIDE WCCC Girls-10 2024"]
[Site "Montesilvano"]
[Date "2024.11.18"]
[Round "2.28"]
[White "Macchia-Shahar, Yali"]
[Black "Nguyen Doan, Bao Anh Angelina"]
[Result "0-1"]
[ECO "B13"]
[WhiteElo "1564"]
[BlackElo "1628"]
[PlyCount "46"]
[EventDate "2024.11.18"]
[EventType "swiss"]
[EventCountry "ITA"]
[TimeControl "5400+30"]

1. e4 c6 2. Nf3 d5 3. exd5 cxd5 4. d4 Nc6 5. Bd3 Bg4 6. c3 Qc7 7. h3 Bh5 8. O-O e6 9. Re1 Bd6 10. Qe2 Nf6 11. Qe3 Bxf3 12. Qxf3 O-O-O 13. Nd2 Kb8 14. a3 e5 15. dxe5 Nxe5 16. Qe2 Rhe8 17. Kf1 Neg4 18. Qd1 Nxf2 19. Qf3 Nxd3 20. Rxe8 Rxe8 21. Qxd3 Bc5 22. Nb3 Bb6 23. Qf3 Qc4+ 0-1

[Event "FIDE WCCC Girls-10 2024"]
[Site "Montesilvano"]
[Date "2024.11.18"]
[Round "2.29"]
[White "Rosset, Anna"]
[Black "Deviatkova, Diana"]
[Result "1-0"]
[ECO "B22"]
[WhiteElo "1814"]
[BlackElo "1503"]
[PlyCount "89"]
[EventDate "2024.11.18"]
[EventType "swiss"]
[EventCountry "ITA"]
[TimeControl "5400+30"]

1. e4 c5 2. c3 d6 3. d4 cxd4 4. cxd4 e6 5. Nc3 Nf6 6. Nf3 Be7 7. Bd3 Nbd7 8. O-O b6 9. Bf4 Bb7 10. Rc1 O-O 11. Re1 h6 12. Bb1 Re8 13. Nb5 e5 14. dxe5 dxe5 15. Nxe5 Nxe5 16. Bxe5 Bc5 17. Qxd8 Raxd8 18. Bxf6 gxf6 19. a3 Rd2 20. Rf1 Rxb2 21. a4 Bxe4 22. Nc3 Bxb1 23. Rxb1 Rc2 24. Nd5 Kg7 25. Nf4 Rd8 26. Nh5+ Kg6 27. Nf4+ Kf5 28. Nh3 Rdd2 29. Rb3 Ra2 30. Rf3+ Ke5 31. g3 Rxa4 32. Re1+ Kd5 33. Rxf6 Raa2 34. Rxf7 b5 35. Rc1 Bb6 36. Rf5+ Ke6 37. Rxb5 Bxf2+ 38. Nxf2 Rxf2 39. Rc6+ Kd7 40. Rxh6 Rfc2 41. Rb7+ Kc8 42. Rb1 Kd8 43. Rh7 Ke8 44. Rb8+ Rc8 45. Rxc8# 1-0

[Event "FIDE WCCC Girls-10 2024"]
[Site "Montesilvano"]
[Date "2024.11.18"]
[Round "2.30"]
[White "Bakhshi, Rana"]
[Black "Kiss, Villo"]
[Result "1-0"]
[ECO "D85"]
[WhiteElo "1727"]
[BlackElo "1492"]
[PlyCount "95"]
[EventDate "2024.11.18"]
[EventType "swiss"]
[EventCountry "ITA"]
[TimeControl "5400+30"]

1. d4 Nf6 2. c4 g6 3. Nc3 d5 4. cxd5 Nxd5 5. e4 Nxc3 6. bxc3 Bg7 7. Nf3 c5 8. Bb5+ Nd7 9. O-O O-O 10. Re1 Qa5 11. a4 Qxc3 12. Bd2 Qb2 13. Rb1 Qa2 14. Rb3 a6 15. Bd3 Qxa4 16. Bc2 Qc6 17. d5 Qc7 18. h4 b5 19. h5 e6 20. hxg6 fxg6 21. dxe6 Ne5 22. Nxe5 Qxe5 23. Bc3 Qxe6 24. Bxg7 Kxg7 25. Qd2 Bb7 26. Rh3 h5 27. Qg5 Qf6 28. Qe3 Qf4 29. Qc3+ Rf6 30. Rf3 Qg5 31. Rd1 Bc6 32. Rd6 Raf8 33. Rxc6 Qc1+ 34. Kh2 Qg5 35. Rfxf6 Rxf6 36. Rc7+ Kh6 37. Qe3 Rf4 38. g3 Rg4 39. Qxg5+ Rxg5 40. f4 Rg4 41. Bd1 c4 42. e5 a5 43. e6 a4 44. e7 h4 45. Bxg4 hxg3+ 46. Kxg3 g5 47. e8=Q a3 48. Qe6# 1-0

[Event "FIDE WCCC Girls-10 2024"]
[Site "Montesilvano"]
[Date "2024.11.18"]
[Round "2.31"]
[White "Tu, Tiffany"]
[Black "Lisboa, Maria Eduarda Mazzar"]
[Result "1-0"]
[ECO "B40"]
[WhiteElo "1687"]
[BlackElo "1490"]
[PlyCount "135"]
[EventDate "2024.11.18"]
[EventType "swiss"]
[EventCountry "ITA"]
[TimeControl "5400+30"]

1. e4 e6 2. Nf3 d5 3. e5 c5 4. c3 Nc6 5. Na3 a6 6. Nc2 Qb6 7. d4 cxd4 8. cxd4 Nge7 9. Bd3 Bd7 10. O-O Ng6 11. Qe2 Be7 12. Bd2 O-O 13. b3 Rac8 14. Rac1 Nb4 15. Nxb4 Bxb4 16. Bxb4 Qxb4 17. Qe3 Qe7 18. h3 Rc6 19. Rxc6 Bxc6 20. Rc1 Rc8 21. Qd2 Qd8 22. Ng5 Qe7 23. f4 f6 24. Nf3 f5 25. Kh2 Nh4 26. Qf2 Nxf3+ 27. Qxf3 Qa3 28. Rc2 Qf8 29. Qg3 Bd7 30. Rxc8 Qxc8 31. Qe1 Qc7 32. Qd2 Qb6 33. Qc3 Bc6 34. Be2 g6 35. g4 a5 36. gxf5 exf5 37. Bf3 Qb4 38. Qxb4 axb4 39. Kg2 h6 40. h4 h5 41. Kf2 Kf7 42. Ke3 Ke6 43. Be2 b5 44. Kd3 Kd7 45. Kc2 Kc7 46. Kb2 Kb6 47. Bf3 Bb7 48. a3 bxa3+ 49. Kxa3 Ka5 50. e6 b4+ 51. Kb2 Kb6 52. e7 Bc6 53. Bxd5 Be8 54. Kc2 Ka5 55. Kd3 Kb5 56. Be6 Kc6 57. Kc4 Kd6 58. d5 Kxe7 59. Kxb4 Kd6 60. Ka5 Bd7 61. Bxd7 Kxd7 62. b4 Kd6 63. b5 g5 64. fxg5 f4 65. b6 Kd7 66. b7 Kc7 67. Ka6 Kb8 68. d6 1-0

[Event "FIDE WCCC Girls-10 2024"]
[Site "Montesilvano"]
[Date "2024.11.18"]
[Round "2.32"]
[White "Serradell Munoz, Silvia"]
[Black "Zhang, Weiai"]
[Result "0-1"]
[ECO "B56"]
[WhiteElo "1670"]
[BlackElo "1488"]
[PlyCount "70"]
[EventDate "2024.11.18"]
[EventType "swiss"]
[EventCountry "ITA"]
[TimeControl "5400+30"]

1. e4 c5 2. Nf3 d6 3. d4 cxd4 4. Nxd4 Nf6 5. Nc3 Nc6 6. Be3 Ng4 7. Nxc6 bxc6 8. Bd2 Qb6 9. Qf3 Qxb2 10. Rb1 Qa3 11. Be2 Qa5 12. O-O Qc7 13. Qg3 Ne5 14. f4 Nd7 15. Be3 g6 16. f5 Bg7 17. Nd1 Ne5 18. fxg6 hxg6 19. Nf2 Be6 20. a3 Nc4 21. Bxc4 Bxc4 22. Rfd1 Ba2 23. Rb4 c5 24. Bxc5 Qxc5 25. Qd3 Rc8 26. Qb5+ Qxb5 27. Rxb5 Rxc2 28. Nd3 Bc4 29. Rb8+ Kd7 30. Rb7+ Kc8 31. Rxe7 Bd4+ 32. Kf1 Rxh2 33. Re8+ Kd7 34. Rh8 Rxh8 35. Rd2 Bxd3+ 0-1

[Event "FIDE WCCC Girls-10 2024"]
[Site "Montesilvano"]
[Date "2024.11.18"]
[Round "2.33"]
[White "Babii, Oriiana"]
[Black "Camacho Chavez, Nirvana"]
[Result "0-1"]
[ECO "B13"]
[WhiteElo "1481"]
[BlackElo "1638"]
[PlyCount "47"]
[EventDate "2024.11.18"]
[EventType "swiss"]
[EventCountry "ITA"]
[TimeControl "5400+30"]

1. e4 c6 2. d4 d5 3. exd5 cxd5 4. Bd3 Nc6 5. c3 Qc7 6. h3 Nf6 7. Nf3 g6 8. Bg5 Bg7 9. Nbd2 Bf5 10. Bxf5 gxf5 11. Qc2 e6 12. Bxf6 Bxf6 13. O-O-O O-O-O 14. Rhg1 Kb8 15. g4 fxg4 16. Rxg4 Rc8 17. Nb3 h5 18. Rg3 Nb4 19. Rg4 Nc6 20. Rg3 Nb4 21. Qe2 Qf4+ {[%emt 0:05:52] Qc2 Qc7 Qe2 Qf4+} 22. Kb1 Rcd8 {[%emt 0:36:45] Kc1 Rc8+ Kb1 Qf5+ Kc1 Nxa2+ Kd2 Nb4 Ke1} 23. h4 {[%emt 0:08:54] Rg1} Nc2 {[%emt 0:00:00] Kf1 Qxh3+} 24. Rg2 {[%emt 0:00:00] Rcg8 Qxc2 Qxg2+ Ke2 Qg6 Qxg6 Rxg6} 0-1

[Event "FIDE WCCC Girls-10 2024"]
[Site "Montesilvano"]
[Date "2024.11.18"]
[Round "2.34"]
[White "Yang, Haeun"]
[Black "Shtepa, Liubov"]
[Result "0-1"]
[ECO "C50"]
[WhiteElo "1475"]
[BlackElo "1615"]
[PlyCount "43"]
[EventDate "2024.11.18"]
[EventType "swiss"]
[EventCountry "ITA"]
[TimeControl "5400+30"]

1. e4 e5 2. Nf3 Nc6 3. Bc4 Bc5 4. Nc3 Nf6 5. d3 h6 6. h3 d6 7. a3 a5 8. Bd2 Bd7 9. Qe2 Qe7 10. Ba2 Nd4 11. Nxd4 exd4 12. Nd5 Nxd5 13. Bxd5 c6 14. Bc4 b5 15. Ba2 Be6 16. O-O Bxa2 17. Rxa2 O-O 18. Qg4 Kh8 19. c3 dxc3 20. Bxc3 f6 21. Re1 b4 22. axb4 0-1

[Event "FIDE WCCC Girls-10 2024"]
[Site "Montesilvano"]
[Date "2024.11.18"]
[Round "2.35"]
[White "Song, Rina"]
[Black "Pambieri, Nicole"]
[Result "0-1"]
[ECO "C53"]
[WhiteElo "1599"]
[BlackElo "1482"]
[PlyCount "240"]
[EventDate "2024.11.18"]
[EventType "swiss"]
[EventCountry "ITA"]
[TimeControl "5400+30"]

1. e4 e5 2. Nf3 Nc6 3. d4 exd4 4. Bc4 Bc5 5. c3 Qe7 6. O-O dxc3 7. Nxc3 Nf6 8. Bg5 d6 9. Nd5 Qd8 10. Re1 Bg4 11. Bb5 Qe7 12. Rf1 Bc8 13. Bc4 Qd8 14. Re1 Bg4 15. Bb5 h6 16. Bh4 a6 17. Bxc6+ bxc6 18. Nxf6+ gxf6 19. Qd3 Rg8 20. e5 dxe5 21. Nxe5 Qxd3 22. Nxd3+ Be7 23. Bxf6 O-O-O 24. Rxe7 Rxd3 25. Rxf7 Bh3 26. Rg7 Rxg7 27. Bxg7 Be6 28. Bxh6 Kd7 29. Kf1 Rd6 30. a3 Bc4+ 31. Ke1 Rxh6 32. h3 Bd5 33. f3 Rg6 34. Kf2 Ke6 35. g4 Rf6 36. Re1+ Kf7 37. Re3 {[%emt 0:52:22] Ke6 Re1+ Kf7 Re3} Rh6 38. Kg3 c5 39. h4 Rb6 40. Re2 Rb3 41. Rf2 c4 42. Rd2 Rxf3+ 43. Kh2 Rd3 44. Rc2 Rd4 45. Kg3 Be6 46. g5 Rd3+ 47. Kf4 Rd4+ 48. Kg3 Rg4+ 49. Kh3 Rxg5+ 50. Kh2 Rg4 51. Kh3 Rd4+ 52. Kg3 Rd3+ 53. Kf4 Rh3 54. Kg5 Rg3+ 55. Kh6 Rg6+ 56. Kh7 Rg4 57. Rf2+ Ke7 58. h5 Bf7 59. Re2+ Kd6 60. h6 Bg6+ 61. Kh8 Rh4 62. Kg7 Bd3 63. Rg2 Kd5 64. Rg1 Kd4 65. Re1 c3 66. bxc3+ Kxc3 67. Rc1+ Bc2 68. Rg1 Kb3 69. Rg3+ Kb2 70. Rg2 Kc3 71. Rg3+ Kd4 72. Rg2 Be4 73. Rg1 Bc2 74. Rg2 Be4 75. Rg1 c5 76. Rd1+ Ke3 77. Rc1 Kd4 78. Rd1+ Kc4 79. Rc1+ Kb5 80. Rc3 c4 81. Rc1 Bd3 82. Rd1 Ka4 83. Kf6 Rxh6+ 84. Ke5 Rh4 85. Kf6 Rh6+ 86. Ke5 Rh4 87. Rc1 Kxa3 88. Ra1+ Kb2 89. Rxa6 c3 90. Rb6+ Ka3 91. Rc6 c2 92. Rxc2 Bxc2 93. Kd5 Kb3 94. Kc5 Rg4 95. Kd5 Kc3 96. Ke5 Kd3 97. Kf5 Ra4 98. Ke5 Rb4 99. Kf5 Ke3+ 100. Kg5 Kd3 101. Kf5 Ra4 102. Ke5 Rb4 103. Kf5 Ke3+ 104. Kg5 Rb8 105. Kf6 Re8 106. Kf7 Ba4 107. Kf6 Kd4 108. Kf5 Re1 109. Kf6 Kd5 110. Kf7 Kd6 111. Kf8 Rf1+ 112. Kg7 Ke6 113. Kg8 Kd6 114. Kg7 Ke6 115. Kg8 Ke7 116. Kg7 Rg1+ 117. Kh6 Bd1 118. Kh7 Kf6 119. Kh8 Kf7 120. Kh7 Rh1# 0-1

[Event "FIDE WCCC Girls-10 2024"]
[Site "Montesilvano"]
[Date "2024.11.18"]
[Round "2.36"]
[White "Gastaldo, Agathe"]
[Black "Vitsiuk, Aleksandra"]
[Result "0-1"]
[ECO "C47"]
[WhiteElo "1589"]
[BlackElo "1476"]
[PlyCount "66"]
[EventDate "2024.11.18"]
[EventType "swiss"]
[EventCountry "ITA"]
[TimeControl "5400+30"]

1. e4 e5 2. Nf3 Nc6 3. d4 exd4 4. Nxd4 Nf6 5. Nc3 Bb4 6. Nxc6 bxc6 7. Bd3 d5 8. exd5 cxd5 9. O-O O-O 10. Bg5 c6 11. h3 Re8 12. Qf3 Be7 13. Rad1 Bd7 14. Rfe1 Rb8 15. b3 Qa5 16. Re2 Kh8 17. Rde1 Be6 18. Bf5 Bxf5 19. Qxf5 Qxc3 20. Rxe7 Ne4 21. Rxe8+ Rxe8 22. Rc1 f6 23. Be3 Ng3 24. Qg4 Ne4 25. Bxa7 Qb2 26. Qd1 Qc3 27. Qg4 Qb2 28. Qd1 Nc3 29. Bd4 Qxc1 30. Qxc1 Ne2+ 31. Kf1 Nxc1 32. Kg1 Ne2+ 33. Kf1 Nc1 0-1

[Event "FIDE WCCC Girls-10 2024"]
[Site "Montesilvano"]
[Date "2024.11.18"]
[Round "2.37"]
[White "Giss, Annika"]
[Black "Foong, Livia"]
[Result "1/2-1/2"]
[ECO "C08"]
[WhiteElo "1586"]
[BlackElo "1461"]
[PlyCount "85"]
[EventDate "2024.11.18"]
[EventType "swiss"]
[EventCountry "ITA"]
[TimeControl "5400+30"]

1. e4 e6 2. d4 d5 3. Nd2 c5 4. exd5 exd5 5. Ndf3 Nf6 6. Bd3 Nc6 7. dxc5 Bxc5 8. Ne2 O-O 9. O-O Be6 10. c3 Qb6 11. Qc2 h6 12. Rb1 Bg4 13. Nd2 Ne5 14. h3 Nxd3 15. Qxd3 Bxe2 16. Qxe2 Rfe8 17. Qd1 Re7 18. b4 Bd6 19. a3 Rae8 20. c4 Bb8 21. Bb2 dxc4 22. Nxc4 Qc7 23. Ne5 Nd7 24. f4 Nxe5 25. Bxe5 Qb6+ 26. Bd4 Qg6 27. Rb2 Rd7 28. Rd2 Red8 29. Rff2 Qe4 30. Qe2 Qxe2 31. Rfxe2 Rxd4 32. Rxd4 Rxd4 33. Re8+ Kh7 34. Rxb8 Rd7 35. Kf2 Kg6 36. g4 f5 37. Re8 fxg4 38. hxg4 Kf7 39. Re2 g5 40. fxg5 hxg5 41. Kf3 Kf6 42. Rf2 Kg6 43. Kg3 1/2-1/2

[Event "FIDE WCCC Girls-10 2024"]
[Site "Montesilvano"]
[Date "2024.11.18"]
[Round "2.38"]
[White "Khelfallah, Ikhlas"]
[Black "Yi, Ruiyu"]
[Result "0-1"]
[ECO "B30"]
[WhiteElo "1449"]
[BlackElo "1571"]
[PlyCount "80"]
[EventDate "2024.11.18"]
[EventType "swiss"]
[EventCountry "ITA"]
[TimeControl "5400+30"]

1. e4 c5 2. Nf3 d6 3. d3 Nc6 4. g3 Nf6 5. Bg2 e6 6. O-O Be7 7. Re1 O-O 8. c3 d5 9. e5 Ne8 10. Nbd2 b5 11. a3 a5 12. d4 Qb6 13. Nf1 cxd4 14. cxd4 a4 15. Be3 Ba6 16. N1d2 Nc7 17. Rc1 Na5 18. Qc2 Rfc8 19. Qb1 Nc4 20. Nxc4 bxc4 21. Ng5 Bxg5 22. Bxg5 Qxd4 23. Qc2 Rab8 24. Rb1 Bb5 25. Qe2 c3 26. bxc3 Qxc3 27. Qg4 Qxa3 28. Bf6 Qf8 29. Rb2 a3 30. Ra2 Kh8 31. Bg5 Bc4 32. Raa1 a2 33. Bf1 Bxf1 34. Rxf1 Rb2 35. Qd4 Rcb8 36. Qa7 Nb5 37. Qa4 Nc3 38. Qg4 Rb1 39. Rc1 Rxa1 40. Rxa1 Rb1+ 0-1

[Event "FIDE WCCC Girls-10 2024"]
[Site "Montesilvano"]
[Date "2024.11.18"]
[Round "2.39"]
[White "Kravchuk, Daria"]
[Black "Mamarasulova, Yasmina"]
[Result "1-0"]
[ECO "B35"]
[WhiteElo "1569"]
[BlackElo "1444"]
[PlyCount "77"]
[EventDate "2024.11.18"]
[EventType "swiss"]
[EventCountry "ITA"]
[TimeControl "5400+30"]

1. e4 c5 2. Nf3 Nc6 3. d4 cxd4 4. Nxd4 g6 5. Nc3 Bg7 6. Be3 Nf6 7. f3 O-O 8. Bc4 Qb6 9. Qd2 Nxe4 10. fxe4 Nxd4 11. Nd1 Qf6 12. c3 Qh4+ 13. Nf2 Nc6 14. Bg5 Bh6 15. Bxh6 Qf6 16. Bxf8 Kxf8 17. O-O Ne5 18. Bb3 Qh4 19. Nd3 Qxe4 20. Nxe5 Qxe5 21. Rxf7+ Ke8 22. Raf1 Qc5+ 23. Qd4 Qxd4+ 24. cxd4 d6 25. Be6 Bxe6 26. Rf8+ Kd7 27. Rxa8 a6 28. Rc1 Bxa2 29. Rb8 Bd5 30. Kf2 e5 31. dxe5 dxe5 32. Rd1 Ke6 33. Rxd5 Kxd5 34. Rxb7 Kd4 35. Ke2 e4 36. Rxh7 Kc4 37. Rh6 Kb3 38. Rxg6 Kxb2 39. Rxa6 1-0

[Event "FIDE WCCC Girls-10 2024"]
[Site "Montesilvano"]
[Date "2024.11.18"]
[Round "2.40"]
[White "Saltkhutsishvili, Sara"]
[Black "Muradli, Sabira"]
[Result "1-0"]
[ECO "C54"]
[WhiteElo "1546"]
[BlackElo "1430"]
[PlyCount "97"]
[EventDate "2024.11.18"]
[EventType "swiss"]
[EventCountry "ITA"]
[TimeControl "5400+30"]

1. e4 e5 2. Nf3 Nc6 3. Bc4 Nf6 4. d3 Bc5 5. c3 O-O 6. O-O d6 7. h3 d5 8. exd5 Nxd5 9. Bg5 Nf6 10. Nbd2 Be7 11. Re1 Qd6 12. Bb5 h6 13. Bh4 Nd7 14. Bg3 Bf6 15. d4 Qe7 16. dxe5 Bg5 17. Nb3 Nb6 18. h4 Bg4 19. hxg5 Rad8 20. Qe2 Bxf3 21. Qxf3 Qxg5 22. Qf4 Qg6 23. Bh4 Rde8 24. Qg3 Qh7 25. Nd4 Nxd4 26. cxd4 c6 27. Bd3 g6 28. e6 f5 29. Qd6 Nc8 30. Qd7 Ne7 31. Bxe7 Rxe7 32. Qd6 Qg7 33. Bc4 Kh7 34. a4 Rfe8 35. b4 Rc7 36. b5 Ree7 37. a5 cxb5 38. Bxb5 a6 39. Bd7 Rc4 40. Rad1 Rc2 41. d5 Ra2 42. Qe5 Qxe5 43. Rxe5 Rxa5 44. d6 Rg7 45. Rxa5 Kg8 46. e7 Kf7 47. e8=Q+ Kf6 48. f4 Rf7 49. Qe5# 1-0

[Event "FIDE WCCC Girls-10 2024"]
[Site "Montesilvano"]
[Date "2024.11.18"]
[Round "2.41"]
[White "Kovacikova, Simona"]
[Black "Guerra Mansilla, Maria Ignacia"]
[Result "1-0"]
[ECO "C01"]
[WhiteElo "1412"]
[BlackElo "1545"]
[PlyCount "61"]
[EventDate "2024.11.18"]
[EventType "swiss"]
[EventCountry "ITA"]
[TimeControl "5400+30"]

1. e4 e6 2. d4 d5 3. exd5 exd5 4. Nf3 Nf6 5. Bd3 Bd6 6. O-O O-O 7. Bg5 h6 8. Bh4 Bg4 9. Nbd2 Nbd7 10. c3 c6 11. Qc2 Qc7 12. Bg3 Bxg3 13. fxg3 Qb6 14. Kh1 Rfe8 15. b4 a5 16. a3 axb4 17. axb4 Bxf3 18. Nxf3 Rxa1 19. Rxa1 Qc7 20. Rf1 Nb6 21. Kg1 Nc4 22. Bxc4 dxc4 23. Ne5 b6 24. Nxc4 Nd5 25. Qd2 Qe7 26. Ne5 Rf8 27. Nxc6 Qc7 28. b5 Rc8 29. Re1 Qd7 30. c4 Nf6 31. Ne7+ 1-0

[Event "FIDE WCCC Girls-10 2024"]
[Site "Montesilvano"]
[Date "2024.11.18"]
[Round "2.42"]
[White "Minasyan, Arina"]
[Black "Damaso Tacoronte, Carolina"]
[Result "1-0"]
[ECO "D30"]
[WhiteElo "1545"]
[BlackElo "1875"]
[PlyCount "47"]
[EventDate "2024.11.18"]
[EventType "swiss"]
[EventCountry "ITA"]
[TimeControl "5400+30"]

1. d4 d5 2. Nf3 c6 3. c4 Nf6 4. e3 e6 5. Nbd2 Bd6 6. Bd3 Nbd7 7. O-O b6 8. a3 Bb7 9. b4 O-O 10. Bb2 h6 11. Rc1 Rc8 12. c5 bxc5 13. dxc5 Bc7 14. a4 a6 15. Qe2 Ra8 16. Ra1 e5 17. e4 d4 18. Rfc1 Qe7 19. Nh4 Nd5 20. Nf5 Qf6 21. exd5 cxd5 22. c6 Bxc6 23. Rxc6 Qxc6 24. Ne7+ 1-0